 Dungeon Crawl Stone Soup version 0.21.1-1-g345015f (webtiles) character file.

154 kaesh the Cudgeler (level 5, -8/53 HPs)
             Began as a Troll Monk on Mar 10, 2018.
             Was a Believer of the Shining One.
             Mangled by Mirai's ghost (17 damage)
             ... on level 3 of the Dungeon.
             The game lasted 00:04:54 (1760 turns).

kaesh the Cudgeler (Troll Monk)                     Turns: 1760, Time: 00:04:55

Health: -8/53      AC:  6    Str: 20    XL:     5   Next: 13%
Magic:  4/4        EV: 11    Int:  6    God:    the Shining One [**....]
Gold:   123        SH:  0    Dex: 17    Spells: 4/4 levels left

rFire    . . .     SeeInvis .   a - +1 mace
rCold    . . .     Gourm    +   (no shield)
rNeg     + . .     Faith    .   b - +0 robe
rPois    .         Spirit   .   (helmet restricted)
rElec    .         Reflect  .   h - +0 cloak
rCorr    .         Harm     .   (gloves unavailable)
MR       .....                  (boots unavailable)
Stlth    +.........             (no amulet)
HPRegen  0.57/turn              e - ring of wizardry
MPRegen  0.09/turn              m - +5 ring of dexterity

@: glowing
A: large, unfitting armour, claws 3, fast metabolism 3, gourmand, regeneration
1, shaggy fur 1, tough skin 2
a: Divine Shield, Renounce Religion


You were on level 3 of the Dungeon.
You worshipped the Shining One.
The Shining One was pleased with you.
You were completely stuffed.

You visited 1 branch of the dungeon, and saw 3 of its levels.

You collected 123 gold pieces.

Inventory:

Hand Weapons
 a - a +1 mace (weapon)
 p - a +2 whip of draining
Armour
 b - a +0 robe (worn)
 h - a +0 cloak (worn)
Jewellery
 e - a ring of wizardry (left claw)
 m - a +5 ring of dexterity (right claw)
Wands
 n - a wand of digging (10)
Scrolls
 g - a scroll of identify
 i - 3 scrolls of remove curse {unknown}
 j - 2 scrolls of magic mapping
 l - a scroll of amnesia {unknown}
 o - a scroll of teleportation {unknown}
Potions
 d - 3 potions of heal wounds
Books
 k - a book of Misfortune

   Spells                             Type                      Level
   a - Confusing Touch                Hexes                        1
   b - Confuse                        Hexes                        3
   c - Gell's Gravitas                Translocation                3
   d - Petrify                        Transmutation/Earth          4
   e - Metabolic Englaciation         Hexes/Ice                    5
   f - Yara's Violent Unravelling     Hexes/Transmutation          5
Comestibles
 c - 7 rations
 f - a chunk of flesh


   Skills:
 + Level 3.0 Fighting
 + Level 4.3 Maces & Flails
 + Level 3.1 Dodging
 - Level 1.0 Stealth


You had 4 spell levels left.
You didn't know any spells.

Dungeon Overview and Level Annotations

Branches:
Dungeon (3/15)

Altars:
Gozag
Nemelex Xobeh
The Shining One

Annotations:
D:3 Mirai's ghost, amateur DsFi


Innate Abilities, Weirdness & Mutations

You are too large for most types of armour.
You have claws for hands.
Your metabolism is lightning-fast.
You like to eat raw meat.
Your natural rate of healing is unusually fast.
You are covered in fur. (AC +1)
You have very tough skin. (AC +2)


Message History

You sock Mirai's ghost!
Mirai's ghost is severely damaged.
Mirai's ghost hits you.
* * * LOW HITPOINT WARNING * * *
You hit Mirai's ghost but do no damage.
Mirai's ghost is severely damaged.
Mirai's ghost misses you.
You hit Mirai's ghost.
Mirai's ghost is severely damaged.
Mirai's ghost hits you!
* * * LOW HITPOINT WARNING * * *
You barely miss Mirai's ghost.
Mirai's ghost is severely damaged.
Mirai's ghost hits you! The Shining One protects you from harm!
Mirai's ghost closely misses you.
You hit Mirai's ghost but do no damage.
Mirai's ghost is severely damaged.
Mirai's ghost hits you!
You die...

#....# ###########
#....#
#.........###....#
#................#
#.........###....#
#.........# #....#
###.........#
##?###
......##########.#
####..# #...)@#
###..## #....W#
......# #.....#
......#### #.....$
.................#
.................#
##....#####......#
#....... .#......
.....###


You could see Mirai's ghost.

Vanquished Creatures
  Natasha (thrice) (D:2)
  2 adders (D:2)
  3 worms (D:2)
  2 leopard geckos (D:1)
  A ball python (D:2)
  5 bats
  4 giant cockroaches
  7 goblins
  6 hobgoblins
  2 quokkas (D:2)
  6 frilled lizards
  5 kobolds
  7 rats
53 creatures vanquished.

Notes
Turn   | Place    | Note
-------+----------+-------------------------------------------
     0 | D:1      | kaesh the Troll Monk began the quest for the Orb.
     0 | D:1      | Reached XP level 1. HP: 22/22 MP: 0/0
   149 | D:1      | Reached XP level 2. HP: 28/29 MP: 1/1
   180 | D:1      | Reached skill level 3 in Maces & Flails
   357 | D:1      | Found a glowing golden altar of the Shining One.
   447 | D:1      | Became a worshipper of the Shining One
   447 | D:1      | Reached * piety under the Shining One
   447 | D:1      | Reached ** piety under the Shining One
   507 | D:1      | Reached XP level 3. HP: 21/36 MP: 2/2
  1030 | D:2      | Reached XP level 4. HP: 44/44 MP: 3/3
  1073 | D:2      | Noticed Natasha
  1081 | D:2      | Killed Natasha
  1289 | D:2      | Reached skill level 4 in Maces & Flails
  1319 | D:2      | Found a sparkling altar of Nemelex Xobeh.
  1320 | D:2      | Found an opulent altar of Gozag.
  1443 | D:2      | Noticed Natasha
  1457 | D:2      | Killed Natasha
  1580 | D:2      | Noticed Natasha
  1592 | D:2      | Killed Natasha
  1592 | D:2      | Reached XP level 5. HP: 53/53 MP: 4/4
  1741 | D:3      | Noticed Mirai's ghost (amateur DsFi)
  1759 | D:3      | The Shining One protects you from harm!
  1760 | D:3      | Mangled by Mirai's ghost

Skill      XL: |  1  2  3  4 |
---------------+-------------+-----
Maces & Flails | 3 4 |  4.3
Dodging        | 3 |  3.1
Fighting       | 3 |  3.0
Stealth        | |  1.0

Action                   |  1- 3 |  4- 6 || total
-------------------------+-------+-------++-------
Melee: Mace              |   118 |    50 ||   168
  Use: Scroll            |     3 |       ||     3
       Potion            |     1 |       ||     1
 Stab: Sleeping          |     1 |       ||     1
  Eat: Chunk             |    15 |     7 ||    22
Armor: Robe              |    47 |    12 ||    59
Dodge: Dodged            |    87 |    29 ||   116
